 Dungeon Crawl Stone Soup version 0.26.1-2-gb8aa6d0cf2 (webtiles) character file.

Game seed: 197094056071072297

13780 Cykl0x the Carver (level 11, -11/93 HPs)
             Began as a Minotaur Fighter on Mar 18, 2021.
             Was a Priest of the Shining One.
             Mangled by a freezing wraith (18 damage)
             ... on level 11 of the Dungeon.
             The game lasted 00:19:19 (12435 turns).

Cykl0x the Carver (Minotaur Fighter)               Turns: 12435, Time: 00:19:20

Health: -11/93     AC: 14    Str: 31    XL:     11   Next: 80%
Magic:  0/15       EV: 11    Int: 10    God:    the Shining One [***...]
Gold:   652        SH: 22    Dex:  9    Spells: 10/10 levels left

rFire    . . .     SeeInvis .   y - +1 falchion (holy)
rCold    . . .     Faith    .   c - +1 kite shield
rNeg     + . .     Spirit   +   r - +0 chain mail
rPois    .         Reflect  .   (helmet restricted)
rElec    .         Harm     .   (no cloak)
rCorr    .         Rampage  .   o - +1 pair of gloves
Will     .....                  (no boots)
Stlth    ..........             z - amulet of guardian spirit
HPRegen  0.25/turn              v - ring of Kicaddur {Int+5 Slay+4}
MPRegen  0.14/turn              E - +6 ring of strength

@: divine shield, about to teleport, slowed, glowing, very slow
A: retaliatory headbutt, horns 2
a: Renounce Religion, Divine Shield


You were on level 11 of the Dungeon.
You worshipped the Shining One.
The Shining One was most pleased with you.
You visited 2 branches of the dungeon, and saw 12 of its levels.

You collected 756 gold pieces.
You spent 104 gold pieces at shops.

Inventory:

Hand Weapons
 y - a +1 falchion of holy wrath (weapon)
 A - a +0 rapier
Missiles
 e - 17 boomerangs (quivered)
 k - 446 stones
Armour
 b - a +0 scale mail
 c - a +1 kite shield (worn)
 i - a scarf of harm
 o - a +1 pair of gloves (worn)
 r - a +0 chain mail (worn)
Jewellery
 f - a +6 ring of dexterity
 u - an uncursed ring of poison resistance
 v - the ring of Kicaddur (left hand) {Int+5 Slay+4}
   (You found it on level 6 of the Dungeon)

   [ring of slaying]

   It affects your intelligence (+5).
   It affects your accuracy and damage with ranged weapons and melee attacks
   (+4).
 w - a +4 ring of evasion
 z - an amulet of guardian spirit (around neck)
 E - a +6 ring of strength (right hand)
Wands
 j - a wand of flame (45)
 s - a wand of acid (20)
 B - a wand of enslavement (8)
 H - a wand of iceblast (8)
Scrolls
 g - 4 scrolls of enchant armour
 m - 6 scrolls of remove curse
 p - a scroll of magic mapping
 t - 4 scrolls of teleportation
 x - 2 scrolls of fog
 C - a scroll of fear
 G - a scroll of amnesia
Potions
 a - 4 potions of brilliance
 d - 5 potions of flight
 h - 3 potions of curing
 l - 2 potions of heal wounds
 q - 2 potions of lignification {unknown}
 D - a potion of ambrosia {unknown}
 F - a potion of mutation


   Skills:
 + Level 7.7 Fighting
 + Level 11.0 Long Blades
 + Level 6.5 Throwing
 + Level 10.0 Armour
 + Level 6.3 Dodging
 + Level 10.6 Shields
 * Level 6.8 Invocations


You had 10 spell levels left.
You didn't know any spells.
Your spell library contained the following spells:

 Spells                   Type           Power        Failure   Level
 Sting                    Tmut/Pois      0%           94%         1
 Poisonous Vapours        Pois/Air       0%           98%         2
 Ignite Poison            Fire/Tmut/Pois 0%           100%        3
 Mephitic Cloud           Conj/Pois/Air  0%           100%        3
 Olgreb's Toxic Radiance  Pois           0%           100%        4


Dungeon Overview and Level Annotations

Branches:
Dungeon (11/15)            Temple (1/1) D:6            Lair (0/6) D:10
    Orc (0/2) D:9

Altars:
Ashenzari
Cheibriados
Dithmenos
Elyvilon
Fedhas
Gozag
Hepliaklqana
Kikubaaqudgha
Makhleb
Nemelex Xobeh
Okawaru
Qazlal
Ru
Sif Muna
Trog
Uskayaw
Vehumet
Wu Jian
Xom
Yredelemnul
Zin
The Shining One

Shops:
D:6 *   D:10 *


Innate Abilities, Weirdness & Mutations

You reflexively headbutt those who attack you in melee.
You have a pair of horns on your head.


Message History

The death knight is moderately wounded.
You block the freezing wraith's attack. The freezing wraith hits you.
* * * LOW HITPOINT WARNING * * *
The death knight offers itself to Yredelemnul, and fills with unholy energy.
The freezing wraith hits you.
* * * LOW HITPOINT WARNING * * *
The freezing wraith freezes you!
* * * LOW HITPOINT WARNING * * *
You block the freezing wraith's attack.
You hit the death knight.
The death knight is moderately wounded.
The death knight reflects your damage back at you!
* * * LOW HITPOINT WARNING * * *
You block the death knight's attack.
You block the freezing wraith's attack. x2
As you read the scroll of teleportation, it crumbles to dust.
You feel strangely unstable. You block the death knight's attack.
The freezing wraith hits you!
* * * LOW HITPOINT WARNING * * *
The freezing wraith freezes you!!
You die...

#...# ..'.............#....#....
##.)# #.............######....
#..######................ ......
#........................ ......
#...................############
#......########..............
#......# #....p.........
#......# #.p#...........
#......# #@W#...........
######p# #..#.....$..$# #)#
#..#.....[##### #p#
#..#....?##2.}# #.#
#..#....)#2?.)# #.#
######..#.....#$.|=#
#.###...z...#....##[!.##
#......p....#....######.
##..........#....###W..$...


You could see a death knight (reflects damage) and a freezing wraith.

Vanquished Creatures
  Gastronok (D:8)
  Harold (D:7)
  A two-headed ogre (D:10)
  An unseen horror (D:10)
  An obsidian statue (D:11)
  Pikel (D:7)
  A centaur zombie (D:10)
  Maggie (D:9)
  A troll (D:9)
  A hornet (D:10)
  Sigmund (D:2)
  4 wyverns (D:10)
  2 wraiths (D:11)
  Eustachio (D:4)
  3 yaks (D:10)
  The ghost of grovkorv the Caller, an amateur NaSu (D:3)
  Grum (D:8)
  2 basilisks (D:10)
  Menkaure (D:7)
  5 water moccasins
  2 sky beasts
  3 phantoms
  4 ice beasts
  2 orc warriors
  A black bear (D:8)
  2 necrophages
  6 centaurs
  9 ogres
  2 wolves (D:8)
  A lemure (D:7)
  A big kobold (D:7)
  3 bullfrogs
  6 scorpions
  A wyvern skeleton (D:10)
  7 killer bees
  4 wights (D:8)
  4 howler monkeys
  A bullfrog zombie (D:5)
  A quasit (D:6)
  9 orc priests
  7 hounds
  13 orc wizards
  2 jellies
  3 bullfrog skeletons
  2 centaur skeletons (D:10)
  Ijyb (D:3)
  An iguana (D:11)
  9 worker ants
  A killer bee zombie (D:6)
  A hound skeleton (D:8)
  17 adders
  2 shadow imps
  2 white imps
  An ufetubus (D:5)
  An ooze (D:2)
  An adder zombie (D:6)
  An adder skeleton (D:4)
  2 worms
  4 dart slugs
  4 leopard geckos
  48 orcs
  9 giant cockroaches
  15 goblins
  14 hobgoblins
  9 jackals
  7 quokkas
  2 ball pythons
  A ball python zombie (D:3)
  8 bats
  8 frilled lizards
  A jackal skeleton (D:5)
  A jackal zombie (D:3)
  9 kobolds
  A quokka zombie (D:5)
  7 rats
315 creatures vanquished.

Vanquished Creatures (others)
  An orc (D:5)
  3 fungi (D:10)
  14 plants (D:10)
18 creatures vanquished.

Grand Total: 333 creatures vanquished

Notes
Turn   | Place    | Note
-------+----------+-------------------------------------------
     0 | D:1      | Cykl0x the Minotaur Fighter began the quest for the Orb.
     0 | D:1      | Reached XP level 1. HP: 19/19 MP: 0/0
   324 | D:1      | Reached XP level 2. HP: 26/27 MP: 1/1
   723 | D:1      | Reached XP level 3. HP: 33/33 MP: 2/2
   969 | D:2      | Reached skill level 1 in Dodging
  1097 | D:2      | Noticed Sigmund
  1111 | D:2      | Killed Sigmund
  1112 | D:2      | Reached skill level 3 in Long Blades
  1112 | D:2      | Reached skill level 1 in Throwing
  1112 | D:2      | Reached XP level 4. HP: 15/40 MP: 3/3
  1112 | D:2      | Reached XP level 5. HP: 18/46 MP: 4/4
  1119 | D:2      | Reached skill level 4 in Long Blades
  1658 | D:2      | Found a broken altar of Ashenzari.
  2113 | D:3      | Reached XP level 6. HP: 37/53 MP: 5/5
  2610 | D:3      | Noticed grovkorv's ghost (amateur NaSu)
  2619 | D:3      | Found a runed translucent gate.
  2619 | D:3      | Found a runed translucent gate.
  2619 | D:3      | Found a runed translucent gate.
  2653 | D:3      | Killed grovkorv's ghost
  2654 | D:3      | Reached skill level 5 in Long Blades
  2654 | D:3      | Reached skill level 5 in Armour
  2654 | D:3      | Reached skill level 5 in Shields
  3144 | D:3      | Noticed Ijyb
  3156 | D:3      | Killed Ijyb
  3377 | D:4      | Reached XP level 7. HP: 55/60 MP: 6/6
  4255 | D:4      | Noticed Eustachio
  4276 | D:4      | Killed Eustachio
  4277 | D:4      | Reached skill level 5 in Fighting
  4277 | D:4      | Reached skill level 6 in Long Blades
  4295 | D:4      | Reached XP level 8. HP: 58/68 MP: 7/7
  4826 | D:5      | Entered Level 5 of the Dungeon
  4925 | D:5      | Found a shimmering altar of Xom.
  4985 | D:5      | Reached skill level 7 in Long Blades
  5551 | D:5      | Reached skill level 5 in Dodging
  5758 | D:6      | Got a scintillating golden ring
  5767 | D:6      | Identified the ring of Kicaddur {Int+5 Slay+4} (You found
                  | it on level 6 of the Dungeon)
  5802 | D:6      | Found Apaf's Assorted Antiques.
  5887 | D:6      | Found a staircase to the Ecumenical Temple.
  5896 | D:6      | Reached XP level 9. HP: 51/75 MP: 8/8
  5923 | Temple   | Entered the Ecumenical Temple
  6029 | Temple   | Became a worshipper of the Shining One
  6397 | D:6      | Reached skill level 8 in Long Blades
  6694 | D:7      | Noticed Harold
  6709 | D:7      | Killed Harold
  6814 | D:7      | Found a blossoming altar of Fedhas.
  6826 | D:7      | Noticed Pikel
  6829 | D:7      | Noticed Menkaure
  6842 | D:7      | Killed Pikel
  6845 | D:7      | Killed Menkaure
  7821 | D:8      | Noticed Gastronok
  7829 | D:8      | Reached XP level 10. HP: 84/84 MP: 11/11
  7847 | D:8      | Killed Gastronok
  7848 | D:8      | Reached skill level 9 in Long Blades
  7848 | D:8      | Reached skill level 5 in Throwing
  7852 | D:8      | Reached * piety under the Shining One
  8140 | D:8      | Noticed Grum
  8164 | D:8      | Killed Grum
  8651 | D:8      | Reached skill level 5 in Invocations
  8679 | D:8      | Found a sparkling altar of Nemelex Xobeh.
  8745 | D:8      | Reached ** piety under the Shining One
  8915 | D:9      | Found a blossoming altar of Fedhas.
  9125 | D:9      | Noticed Maggie
  9133 | D:9      | Killed Maggie
  9134 | D:9      | Reached XP level 11. HP: 92/92 MP: 13/13
  9322 | D:9      | Reached skill level 10 in Long Blades
  9802 | D:9      | Found a staircase to the Orcish Mines.
 10186 | D:10     | Entered Level 10 of the Dungeon
 10259 | D:10     | Noticed an unseen horror
 10269 | D:10     | Killed an unseen horror
 10450 | D:10     | Reached skill level 10 in Shields
 10482 | D:10     | Found a staircase to the Lair.
 10513 | D:10     | Reached *** piety under the Shining One
 10914 | D:10     | You fall into a shaft and drop 1 floor!
 10920 | D:10     | Noticed a two-headed ogre
 10932 | D:10     | Killed a two-headed ogre
 11445 | D:10     | Found Vixupu's Changing Room.
 11458 | D:10     | Found a hazy altar of Hepliaklqana.
 11464 | D:10     | Bought a potion of mutation for 104 gold pieces
 11772 | D:11     | Noticed an obsidian statue
 11814 | D:11     | Killed an obsidian statue
 11815 | D:11     | Reached skill level 11 in Long Blades
 12126 | D:11     | Noticed a skeletal warrior
 12126 | D:11     | Noticed a death knight
 12172 | D:11     | Noticed a death knight
 12410 | D:11     | Reached skill level 10 in Armour
 12435 | D:11     | Mangled by a freezing wraith

Illustrated notes

Levels and vault maps discovered:
D:1:      nicolae_arrival_somewhat_less_tricky_arrival, layout_basic
D:2:      layout_basic, serial_aquarium, aquarium_bridge_square
          [aquarium_subvault_wall, aquarium_subvault_wall,
          aquarium_subvault_bridge, aquarium_subvault_bridge],
          aquarium_bridge_straight [aquarium_subvault_bridge,
          aquarium_subvault_wall, aquarium_subvault_bridge,
          aquarium_subvault_wall], aquarium_window_1, aquarium_window_corner,
          aquarium_window_3, aquarium_view_2a, evilmike_ruin_ashenzari,
          uniq_sigmund
D:3:      kennysheep_goblin_castle, layout_basic, gammafunk_ghost_split
D:4:      layout_loops_ring, grunt_ministairs_11, uniq_eustachio
D:5:      layout_cave_pools, chequers_mini_garden, fountainhead,
          xom_teletrap_fun
D:6:      layout_rooms, minmay_temple_entry_tees, serial_shops, shop
D:7:      layout_cave_pools, basic_altar, uniq_pikel, uniq_harold, uniq_menkaure
D:8:      layout_cave_pools, special_room [special_room_orc],
          nemelex_diamond_rough_becter, uniq_grum, uniq_gastronok
D:9:      layout_layer_cave, fedhas_altar_2, orc_0_dummy, uniq_maggie
D:10:     layout_stronghold, minmay_lair_entry_grove, basic_altar,
          nicolae_transmutations_shop, grunt_ministairs_15
D:11:     cheibrodos_tormentor_scu, layout_irregular_city, minivault_16
Temple:   nicolae_temple_the_god_donut

Skill      XL: |  1  2  3  4  5  6  7  8  9 10 11 |
---------------+----------------------------------+-----
Armour         | 4 5 6 8 9 10 | 10.0
Shields        | 4 5 6 7 9 10 | 10.6
Fighting       | 4 5 6 7 |  7.7
Dodging        | 2 3 4 5 6 |  6.3
Long Blades    | 3 4 5 6 7 8 9 11 | 11.0
Throwing       | 1 2 3 4 5 6 |  6.5
Invocations    | 3 5 6 |  6.8

Action                   |  1- 3 |  4- 6 |  7- 9 | 10-12 || total
-------------------------+-------+-------+-------+-------++-------
Melee: Long sword        |    62 |   147 |   173 |       ||   382
       Headbutt          |     9 |    28 |    53 |    86 ||   176
       Falchion          |       |       |    83 |   351 ||   434
Throw: Stone             |    15 |    46 |     5 |       ||    66
       Boomerang         |       |       |    58 |   102 ||   160
Invok: Divine Shield     |       |       |       |     2 ||     2
  Use: Scroll            |     6 |     2 |    10 |     3 ||    21
       Potion            |     1 |     1 |     4 |     3 ||     9
 Stab: Invisible         |       |       |     4 |       ||     4
Armor: Scale mail        |    44 |    54 |    48 |       ||   146
       Chain mail        |       |       |       |    71 ||    71
Dodge: Dodged            |    24 |    45 |   114 |   115 ||   298
Block: Kite shield       |    38 |    68 |   155 |   278 ||   539
       Rpst.: Long sword |     8 |    10 |    17 |       ||    35
       Falchion          |       |       |    15 |    32 ||    47
